 Dungeon Crawl Stone Soup version 0.30-a0-49-g1cef19eb02 (webtiles) character file.

Game seed: 16571011170785661704

47 MrFrogsmire the Insei (level 3, -1/23 HPs)
             Began as an Octopode Transmuter on Sept 3, 2022.
             Was a Believer of Makhleb.
             Killed from afar by an orc wizard (6 damage)
             ... with a magic dart
             ... on level 3 of the Dungeon.
             The game lasted 00:05:45 (970 turns).

MrFrogsmire the Insei (Octopode Transmuter)          Turns: 970, Time: 00:05:46

Health: -1/23      AC:  1    Str: 11    XL:     3   Next: 70%
Magic:  6/6        EV: 13    Int: 15    God:    Makhleb [**....]
Gold:   54         SH:  0    Dex: 12    Spells: 5/6 levels left

rFire   . . .      SeeInvis .    g - +2 dagger (holy)
rCold   . . .      Faith    .    (no shield)
rNeg    . . .      Spirit   .    (helmet currently unavailable)
rPois   .          Reflect  .    e - amulet of magic regeneration
rElec   .          Harm     .    j - ring of resist corrosion
rCorr   +          Rampage  .    (no ring)
Will    .....                    (no ring)
Stlth   +++.......               (no ring)
HPRegen 0.07/turn                (no ring)
MPRegen 0.50/turn                (no ring)
                                 (no ring)
                                 (no ring)

@: appendages, very slightly contaminated
A: tentacle spike 3, almost no armour, amphibious, 8 rings, camouflage 1,
gelatinous body 1, (nimble swimmer 1), tentacles
a: End Transformation, Renounce Religion, Minor Destruction


You were on level 3 of the Dungeon.
You worshipped Makhleb.
Makhleb was pleased with you.
One of your tentacles had grown a beastly spike.
You visited 1 branch of the dungeon, and saw 3 of its levels.

You collected 54 gold pieces.

Inventory:

Hand Weapons
 g - a +2 dagger of holy wrath (weapon)
Jewellery
 b - an amulet of magic regeneration
 e - an amulet of magic regeneration (around mantle)
 j - a ring of resist corrosion (left tentacle)
Scrolls
 h - 2 scrolls of identify {unknown}
 i - a scroll of brand weapon {unknown}
 l - a scroll of noise {unknown}
Potions
 a - a potion of lignification
 c - a potion of heal wounds {unknown}
 d - a potion of degeneration {unknown}
 f - a potion of flight {unknown}
 k - a potion of ambrosia {unknown}


   Skills:
 + Level 1.0 Fighting
 + Level 0.2 Short Blades
 + Level 0.6 Maces & Flails
 + Level 2.0 Dodging
 + Level 1.2 Stealth
 + Level 3.5 Unarmed Combat
 + Level 2.3 Spellcasting
 + Level 2.5 Transmutations


You had 5 spell levels left.
You knew the following spells:

 Your Spells              Type           Power      Damage    Failure   Level
a - Beastly Appendage     Tmut           18%        N/A       8%          1

Your spell library contained the following spells:

 Spells                   Type           Power      Damage    Failure   Level
 Wereblood                Tmut           9%         N/A       12%         2
 Spider Form              Tmut/Pois      5%         N/A       36%         3
 Ice Form                 Ice/Tmut       5%         N/A       77%         4


Dungeon Overview and Level Annotations

Branches:
Dungeon (3/15)

Altars:
Makhleb


Innate Abilities, Weirdness & Mutations

One of your tentacles has grown a beastly spike.
You cannot wear most types of armour.
You are amphibious.
You can wear up to eight rings at the same time.
Your skin changes colour to match your surroundings (Stealth+).
Your rubbery body absorbs attacks. (AC +1, EV +1)
((You are camouflaged when in or above water. (Stealth+)))
You have tentacles for arms and can constrict up to eight enemies at once.


Message History

You see here a +0 club.
You hit the ball python.
You kill the ball python!
Makhleb accepts your kill.
Your transformation is almost over.
You see here a ball python corpse.
Found an escape hatch in the ceiling.
You now have 54 gold pieces (gained 7).
Found a stone staircase leading down.
Your tentacle spike disappears.
There is an escape hatch in the ceiling here.
HP restored.
An orc wizard comes into view. It is wielding a +2 dagger of draining.
The orc wizard shouts!
You hear a shout! x2
The orc wizard gestures at you while chanting.
The puff of flame hits you.
One of your tentacles grows a vicious spike.
An orc comes into view. It is wielding a +0 hand axe.
You miscast Beastly Appendage.
You are very lightly contaminated with residual magic.
Nothing appears to happen.
The orc wizard points at you and mumbles some strange words.
The puff of flame misses you.
You completely miss the orc wizard. You grab the orc wizard.
You pierce the orc wizard, but do no damage.
You constrict the orc wizard, but do no damage.
The orc wizard struggles to escape constriction.
You hit the orc wizard.
You pierce the orc wizard.
The orc wizard is heavily wounded.
You constrict the orc wizard.
The orc wizard gestures at you while chanting.
The puff of flame hits you!
Ouch! That really hurt!
* * * LOW HITPOINT WARNING * * *
You hit the orc wizard.
You pierce the orc wizard.
The orc wizard is severely wounded.
You constrict the orc wizard. The orc wizard casts a spell at you.
The magic dart hits you.
You die...

##############
#............#
#.####....##.# .
#.# #....##.# #..
#.# #....##.#
###.... #.#
#######.##o......
#.##########.#@o#
###..............##
.......##....#.###
..........##.#.#
..........## #.#
####..###.# #.#
..........# #.#
####.####### #.#
###>........ ...


You could see an orc wizard and an orc.

Vanquished Creatures
  2 adders (D:2)
  A worm (D:2)
  2 dart slugs (D:2)
  2 giant cockroaches
  3 goblins
  2 hobgoblins (D:1)
  2 quokkas
  A ball python (D:3)
  A bat (D:2)
  3 frilled lizards (D:2)
  A kobold (D:2)
  4 rats
24 creatures vanquished.

Notes
Turn   | Place    | Note
-------+----------+-------------------------------------------
     0 | D:1      | MrFrogsmire the Octopode Transmuter began the quest for the
                  | Orb.
     0 | D:1      | Reached XP level 1. HP: 13/13 MP: 3/3
    72 | D:1      | Found a faded altar of an unknown god.
    80 | D:1      | Prayed at the altar of an unknown god.
    80 | D:1      | Became a worshipper of Makhleb the Destroyer
    80 | D:1      | Reached * piety under Makhleb
   275 | D:1      | Reached XP level 2. HP: 9/18 MP: 5/5
   519 | D:2      | Reached skill level 1 in Stealth
   519 | D:2      | Reached XP level 3. HP: 19/23 MP: 6/6
   829 | D:2      | Reached ** piety under Makhleb
   970 | D:3      | Killed from afar by an orc wizard

Illustrated notes

Levels and vault maps discovered:
D:1:      roderic_chinese_lattice_arrival, layout_loops_ring,
          hellmonk_ecumenical_altar_crossroads
D:2:      layout_basic, minmay_misc_feat_ornament, grunt_ministairs_4
D:3:      minmay_angry_zag, layout_basic

Skill      XL: |  1  2 |
---------------+-------+-----
Stealth        | 1 |  1.2
Fighting       | |  1.0
Short Blades   | |  0.2
Maces & Flails | |  0.6
Dodging        | |  2.0
Unarmed Combat | |  3.5
Spellcasting   | |  2.3
Transmutations | |  2.5

Action                   || total
-------------------------++-------
Melee: Whip              ||    13
       Constrict         ||    14
       Kick              ||    13
       Tentacles         ||     5
       Dagger            ||    30
       Punch             ||     2
 Cast: Beastly Appendage ||    25
 Stab: Sleeping          ||     4
Armor: Skin              ||     1
Dodge: Dodged            ||    22

Table legend: (Time is in decaauts)
 A = Elapsed time spent in this place.
 B = Non-inter-level travel time spent in this place.
 C = Inter-level travel time spent in this place.
 D = Time resting spent in this place.
 E = Time spent auto-exploring this place.
 F = Levels seen in this place.
 G = Mean time per level.
                   A        B        C        D        E       F      G
               +--------+--------+--------+--------+--------+-----+--------+
         Total |    969 |    483 |    486 |      0 |     37 |   3 |  323.0 |
       Dungeon |    969 |    483 |    486 |      0 |     37 |   3 |  323.0 |
               +--------+--------+--------+--------+--------+-----+--------+

Top non-repeatable levels by time:
     D:2: 625 daAuts
     D:1: 283 daAuts
     D:3: 59 daAuts
